 Dungeon Crawl Stone Soup version 0.26-a0-8-gc4d20be10f (webtiles) character file.

Game seed: 10041484567831903601, levelgen mode: deterministic

341 Lanoc the Magician (level 6, -6/51 HPs)
             Began as a Draconian Wanderer on May 24, 2020.
             Was a Follower of Nemelex Xobeh.
             Killed by divine providence
             ... invoked by an orc priest
              (13 damage)
             ... on level 3 of the Dungeon.
             The game lasted 00:05:25 (3375 turns).

Lanoc the Magician (Draconian Wanderer)             Turns: 3375, Time: 00:05:25

Health: -6/51      AC:  8    Str: 10    XL:     6   Next: 30%
Magic:  12/12      EV: 12    Int: 17    God:    Nemelex Xobeh [*.....]
Gold:   180        SH:  0    Dex: 12    Spells: 12/13 levels left

rFire    . . .     SeeInvis .   a - +4 quarterstaff (chaos)
rCold    . . .     Gourm    .   (shield currently unavailable)
rNeg     . . .     Faith    .   (armour unavailable)
rPois    .         Spirit   .   (helmet restricted)
rElec    .         Reflect  .   r - +1 cloak
rCorr    .         Harm     .   (no gloves)
MR       .....                  (no boots)
Stlth    +.........             (no amulet)
HPRegen  0.17/turn              (no ring)
MPRegen  0.13/turn              (no ring)

@: no status effects
A: unfitting armour, cold-blooded, AC +6
a: Draw Escape, Draw Destruction, Draw Summoning, Renounce Religion


You were on level 3 of the Dungeon.
You worshipped Nemelex Xobeh.
Nemelex Xobeh was aware of your devotion.
You were hungry.

You visited 1 branch of the dungeon, and saw 3 of its levels.

You collected 180 gold pieces.

Inventory:

Hand Weapons
 a - a +4 quarterstaff of chaos (weapon)
Armour
 o - a scarf of invisibility
 r - a +1 cloak (worn)
Scrolls
 e - 3 scrolls of teleportation {unknown}
 h - a scroll of fear {unknown}
 j - 3 scrolls of remove curse {unknown}
 k - a scroll of identify {unknown}
 m - a scroll of noise {unknown}
Potions
 b - 2 potions of lignification {unknown}
 c - 2 potions of curing
 f - 2 potions of flight {unknown}
 g - a potion of berserk rage {unknown}
 i - a potion of invisibility {unknown}
 n - a potion of heal wounds {unknown}
 p - a potion of haste {unknown}
 q - a potion of stabbing {unknown}
Comestibles
 d - 4 rations
 l - 2 chunks of flesh


   Skills:
 + Level 3.2 Fighting
   Level 2.0 Axes
 + Level 2.3 Dodging
 - Level 4.1 Spellcasting
 + Level 2.4 Conjurations
   Level 1.0 Translocations
 * Level 4.0 Invocations
 - Level 2.0 Evocations


You had 12 spell levels left.
You knew the following spells:

 Your Spells              Type           Power        Failure   Level  Hunger
a - Magic Dart            Conj           ##..         6%          1    None

Your spell library contained the following spells:

 Spells                   Type           Power        Failure   Level  Hunger
 Blink                    Tloc           N/A          16%         2    ##.....
 Call Imp                 Summ           #.......     24%         2    ##.....
 Slow                     Hex            #.......     24%         2    ##.....
 Conjure Flame            Conj/Fire      #.......     28%         3    ###....
 Mephitic Cloud           Conj/Pois/Air  #.......     32%         3    ###....


Dungeon Overview and Level Annotations

Branches:
Dungeon (3/15)

Altars:
Nemelex Xobeh
Qazlal
The Shining One


Innate Abilities, Weirdness & Mutations

Your plain brown scales are hard. (AC +6)
You cannot fit into any form of body armour.
You are cold-blooded and may be slowed by cold attacks.


Message History

You have drawn Pain.
Press: ? - help, Shift-Dir - straight line, f - gnoll
Aim: a gnoll, wielding a +0 spear The gnoll convulses!
You draw a card...
You have drawn Vitriol.
Press: ? - help, Shift-Dir - straight line, f/p - gnoll
Aim: a gnoll, wielding a +0 spear (heavily wounded)
The glob of acid hits the gnoll!
The gnoll is splashed with acid.
You kill the gnoll!
The orc priest calls down the wrath of Beogh upon you.
Beogh smites you!
* * * LOW HITPOINT WARNING * * *
You draw a card...
You have drawn Wild Magic.
The orc's body glows momentarily.
The orc seems to slow down.
The orc priest jerks violently!
You feel a surge of magic.
The orc priest mumbles some strange prayers to Beogh against you.
Beogh smites you!
You die...
Your body disappears without a glow.

#.#...........#.#
#....##..[.)#
#.......#######.#
###### #)#
#####.### #.# #)#
#####.# #.# #.#
..)...# #.# #.#
#####.# #.# #o# #
#.# #.# #.# # #.#
#.########### #.#
#####.#
#.@.o..o....# #o#
......#
###########.# #g#
.####.# ##### #†#
#.# .## #.# #...#
#o###.# ..# #.#
#...# #...g.# #.#
#.# #...# #######
..###.######...#
...##.#........####
...##.#...........#
#####


You could see an orc priest and an orc (slow).

Vanquished Creatures
  An ice beast (D:2)
  An orc wizard (D:3)
  Crazy Yiuf (D:2)
  4 adders
  7 gnolls (D:3)
  An ooze (D:3)
  A worm (D:3)
  3 leopard geckos
  6 orcs (D:3)
  2 ball pythons (D:2)
  11 bats
  4 giant cockroaches
  5 goblins
  8 hobgoblins
  3 jackals (D:3)
  9 kobolds
  2 quokkas
  A frilled lizard (D:3)
  7 rats
77 creatures vanquished.

Vanquished Creatures (collateral kills)
  A hobgoblin (D:3)
  A frilled lizard (D:3)
2 creatures vanquished.

Grand Total: 79 creatures vanquished

Notes
Turn   | Place    | Note
-------+----------+-------------------------------------------
     0 | D:1      | Lanoc the Draconian Wanderer began the quest for the Orb.
     0 | D:1      | Lanoc set off with the following items: a +0 hand axe, a
                  | potion of curing, a ration; and the following spell
                  | memorised: Magic Dart; and the following spells available
                  | to memorise: Blink, Call Imp, Slow, Conjure Flame, Mephitic
                  | Cloud
     0 | D:1      | Reached XP level 1. HP: 16/16 MP: 5/5
   221 | D:1      | Found a sparkling altar of Nemelex Xobeh.
   225 | D:1      | Became a worshipper of Nemelex Xobeh the Trickster
   236 | D:1      | Received a gift from Nemelex Xobeh
   371 | D:1      | Reached XP level 2. HP: 21/23 MP: 2/7
   992 | D:1      | Reached skill level 1 in Invocations
  1437 | D:2      | Found a stormy altar of Qazlal.
  1686 | D:2      | Reached XP level 3. HP: 29/29 MP: 5/8
  1777 | D:2      | Reached skill level 1 in Dodging
  1883 | D:2      | Reached skill level 1 in Conjurations
  2107 | D:2      | Received a gift from Nemelex Xobeh
  2241 | D:2      | Noticed an ice beast
  2250 | D:2      | Killed an ice beast
  2250 | D:2      | Reached XP level 4. HP: 37/37 MP: 7/10
  2250 | D:2      | Reached XP level 5. HP: 42/42 MP: 7/11
  2292 | D:2      | Reached * piety under Nemelex Xobeh
  2308 | D:2      | Found a runed translucent door.
  2309 | D:2      | Noticed Crazy Yiuf
  2544 | D:2      | Killed Crazy Yiuf
  2727 | D:3      | Found a glowing golden altar of the Shining One.
  3277 | D:3      | Reached XP level 6. HP: 51/51 MP: 12/12
  3375 | D:3      | Killed from afar by an orc priest

Illustrated notes

Levels and vault maps discovered:
D:1:      kennysheep_arrival_seaside, layout_loops_cross,
          nemelex_diamond_rough_becter
D:2:      layout_rooms, lemuel_round_altar, uniq_crazy_yiuf_cottage
D:3:      layout_basic, grunt_temple_overflow_gold_and_silver,
          old_standard_altar, minmay_misc_feat_diagonals, st_stairs_2

Skill      XL: |  1  2  3  4  5  6 |
---------------+-------------------+-----
Invocations    | 1 3 4 |  4.0
Dodging        | 1 2 |  2.3
Conjurations   | 1 2 |  2.4
Fighting       | 2 3 |  3.2
Axes           | |  2.0
Spellcasting   | |  4.1
Translocations | |  1.0
Evocations     | |  2.0

Action                   |  1- 3 |  4- 6 || total
-------------------------+-------+-------++-------
Melee: Hand axe          |    53 |     2 ||    55
       Tailslap          |     2 |     5 ||     7
       Quarterstaff      |       |    68 ||    68
 Cast: Magic Dart        |    83 |     6 ||    89
Invok: Draw Destruction  |     4 |    11 ||    15
  Eat: Chunk             |     4 |     3 ||     7
Armor: Skin              |    32 |    34 ||    66
Dodge: Dodged            |    58 |    54 ||   112

Table legend:
 A = Non-vault XP
 B = Vault XP
 C = Vault XP percentage of total XP
 D = Non-vault monster count
 E = Vault monster count
 F = Vault count percentage of total count
                 A         B        C        D         E       F
            +---------+---------+-------+---------+---------+-------
      Total |     446 |      42 |   8.6 |      75 |       4 |   5.1
            +---------+---------+-------+---------+---------+-------
        D:1 |      26 |       0 |   0.0 |      16 |       0 |   0.0
        D:2 |     188 |      37 |  16.4 |      20 |       1 |   4.8
        D:3 |     232 |       5 |   2.1 |      39 |       3 |   7.1
            +---------+---------+-------+---------+---------+-------
